 Dungeon Crawl Stone Soup version 0.30-a0-737-gf23d94013f (webtiles) character file.

Game seed: 7872123667771327113

285060 Pooter the Tortoise (level 20, -4/276 HPs)
             Began as a Minotaur Berserker on Jan 31, 2023.
             Was a Priest of Trog.
             Killed from afar by a starcursed mass (13 damage)
             ... with an accursed screaming
             ... while paralysed by accursed screaming
             ... on level 3 of the Abyss on Feb 2, 2023.
             The game lasted 04:24:57 (48222 turns).

Pooter the Tortoise (Minotaur Berserker)           Turns: 48222, Time: 04:24:57

Health: -4/276     AC: 48    Str: 21    XL:     20   Next: 16%
Magic:  10/10      EV:  2    Int: 12    God:    Trog [***...]
Gold:   2469       SH:  0    Dex: 14    Spells: 19/19 levels left

rFire   + . .      SeeInvis +    a - +4 eveningstar (heavy)
rCold   + . .      Faith    .    (no shield)
rNeg    . . .      Spirit   .    v - +13 crystal plate armour of Qeor {Rampage Will- Str-2 SInv}
rPois   +          Reflect  .    U - +1 hat
rElec   .          Harm     .    f - scarf {+Inv}
rCorr   .          Rampage  +    H - +2 pair of gloves of the Blizzard {rPois rC+ MP-9 Int+2}
Will    .....      Clarity  +    T - +2 pair of boots Stlth
                                 h - amulet of regeneration
HPRegen 1.46/turn                F - ring of protection from fire
MPRegen 0.12/turn                x - +4 ring of slaying

@: paralysed, berserking
A: horns 2, retaliatory headbutt, clarity, clever 1
}: 1/15 runes: decaying
a: Renounce Religion, Evoke Invisibility, Berserk, Trog's Hand


You were on level 3 of the Abyss.
You worshipped Trog.
Trog was most pleased with you.
You visited 5 branches of the dungeon, and saw 29 of its levels.
You visited the Abyss 2 times.
You also visited: Ossuary, Bailey, Gauntlet and Ice Cave.

You collected 3503 gold pieces.
You spent 1034 gold pieces at shops.

Inventory:

Hand Weapons
 a - a +4 heavy eveningstar (weapon)
   (Trog gifted it to you on level 12 of the Dungeon)
 b - a +3 arbalest of freezing
   (You took it off an orc warrior on level 2 of the Orcish Mines)
 g - a +2 great mace of draining
   (You took it off a two-headed ogre on level 2 of the Orcish Mines)
 j - a +0 antimagic dire flail
   (You took it off an ettin on level 1 of the Orcish Mines)
 Y - a +1 demon whip of venom
   (You took it off Amaemon on level 2 of the Lair of Beasts)
Missiles
 n - 13 boomerangs of dispersal {!f}
 q - 8 atropa-tipped darts
 r - 18 boomerangs (quivered)
 y - 13 silver javelins
Armour
 f - a scarf of invisibility (worn)
   (You found it on level 13 of the Dungeon)
 v - the +13 crystal plate armour of Qeor (worn) {Rampage Will- Str-2 SInv}
   (You acquired it on level 1 of the Orcish Mines)

   Str:       It affects your strength (-2).
   SInv:      It lets you see invisible.
   Rampage:   It bestows one free step when moving towards enemies.
   Will:      It decreases your willpower.
 H - the +2 pair of gloves of the Blizzard (worn) {rPois rC+ MP-9 Int+2}
   (You found it in a Gauntlet)

   Int:       It affects your intelligence (+2).
   rC:        It protects you from cold.
   rPois:     It protects you from poison.
   MP:        It affects your magic capacity (-9).
 T - a +2 pair of boots (worn)
   (You found it on level 1 of the Dungeon)
 U - a +1 hat (worn)
   (You found it on level 7 of the Dungeon)
Jewellery
 h - an amulet of regeneration (around neck)
   (You found it on level 2 of the Swamp)
 l - a ring of willpower
   (You found it on level 1 of the Dungeon)
 x - a +4 ring of slaying (right hand)
   (You found it on level 2 of the Dungeon)
 C - a ring of resist corrosion
   (You found it on level 8 of the Dungeon)
 F - a ring of protection from fire (left hand)
   (You found it on level 9 of the Dungeon)
 G - an amulet of guardian spirit
   (You found it on level 4 of the Dungeon)
 M - a +4 ring of protection
   (You found it on level 6 of the Dungeon)
 Q - an amulet of reflection
   (You found it on level 5 of the Lair of Beasts)
 S - the ring "Werhanoq" {Dex+6 SInv}
   (You took it off a deep elf demonologist on level 3 of the Elven Halls)

   [ring of dexterity]

   Dex:       It affects your dexterity (+6).
   SInv:      It lets you see invisible.
 V - a +5 ring of evasion
   (You found it on level 10 of the Dungeon)
Wands
 d - a wand of iceblast (18)
   (You found it on level 9 of the Dungeon)
 B - a wand of mindburst (29)
   (You took it off Psyche on level 8 of the Dungeon)
 D - a wand of digging (10)
   (You took it off Jessica on level 2 of the Dungeon)
 I - a wand of polymorph (23)
   (You took it off Ijyb on level 4 of the Dungeon)
 N - a wand of light (19)
   (You found it on level 6 of the Dungeon)
 X - a wand of charming (13)
   (You found it on level 5 of the Lair of Beasts)
Scrolls
 c - 9 scrolls of fear
 e - 3 scrolls of immolation {!r}
 i - 12 scrolls of identify {@r1}
 m - 6 scrolls of noise {!r}
 t - 9 scrolls of teleportation {@r4}
 w - 2 scrolls of poison {!r}
 E - 3 scrolls of blinking
 K - 2 scrolls of brand weapon
 O - a scroll of magic mapping
 R - a scroll of silence
 Z - 7 scrolls of summoning
Potions
 k - 2 potions of might
 o - 12 potions of curing {@q1}
 p - 9 potions of cancellation
 s - 9 potions of attraction {!q}
 u - 6 potions of lignification {!q}
 z - 3 potions of flight
 A - 10 potions of haste {@q3}
 J - 3 potions of mutation {!q}
 L - 8 potions of heal wounds {@q2}
 W - a potion of invisibility
Miscellaneous
 P - a condenser vane
   (You found it on level 5 of the Lair of Beasts)


   Skills:
 + Level 17.2 Fighting
 - Level 5.9(12.0) Axes
 - Level 16.1(16.5) Maces & Flails
 - Level 16.8 Ranged Weapons
 - Level 8.3 Throwing
 * Level 19.9 Armour
 + Level 9.5 Dodging
 + Level 7.6 Stealth
 + Level 10.6 Evocations


You had 19 spell levels left.
You didn't know any spells.
Your spell library was empty.

Dungeon Overview and Level Annotations

Branches:
Dungeon (15/15)            Temple (0/1) D:4            Lair (5/5) D:11
  Swamp (4/4) Lair:2       Spider (0/4) Lair:2        Slime (0/5) Lair:4
    Orc (2/2) D:9             Elf (3/3) Orc:2        Vaults (0/5) D:13
 Depths (0/4) D:15        Ossuary (visited)          Bailey (visited)
  IceCv (visited)         Gauntlet (visited)

Altars:
Ashenzari
Kikubaaqudgha
Qazlal
Trog
Uskayaw
Vehumet
Xom
Zin
The Shining One
Jiyva

Shops:
D:4 [   D:9 :   Orc:2 *![!


Innate Abilities, Weirdness & Mutations

You have a pair of horns on your head.
You reflexively headbutt those who attack you in melee.
You possess an exceptional clarity of mind.
Your mind is acute. (Int +4, Str/Dex -1)


Message History

The hell hog bites you.
* * * LOW HITPOINT WARNING * * *
The starspawn tentacle grabs you. The starspawn tentacle constricts you.
The starcursed mass touches you but does no damage.
The starcursed mass barely misses you.
A red film seems to cover your vision as you go berserk!
You feel yourself moving faster!
You feel mighty! The hell hog bites you.
* * * LOW HITPOINT WARNING * * *
The starspawn tentacle loses its grip on you.
The tentacle pulls you backwards!
The purple draconian hits you but does no damage.
You stick the tentacled starspawn like a pincushion!!!
The hell hog barely misses you.
You stick the tentacled starspawn like a pincushion!!!
You destroy the tentacled starspawn!
Trog accepts your kill.
The starspawn's tentacles wither and die.
A starcursed mass splits.
The purple draconian hits you but does no damage.
The starcursed mass touches you but does no damage. x2
The hell hog closely misses you.
You beat the hell hog like a drum!!!
You kill the hell hog!
Trog accepts your kill.
The purple draconian hits you but does no damage.
The starcursed mass barely misses you. You furiously retaliate!
You headbutt the starcursed mass!
The starcursed mass shudders and is absorbed by its neighbour.
The starcursed mass barely misses you. You furiously retaliate!
You headbutt the starcursed mass!
The starcursed mass shudders and is absorbed by its neighbour.
You hit the purple draconian. You sock the purple draconian!
Your headbutt misses the purple draconian.
The starcursed mass barely misses you.
The purple draconian closely misses you.
The starcursed mass touches you but does no damage.
A starcursed mass splits.
A cacophony of accursed wailing tears at your sanity!
* * * LOW HITPOINT WARNING * * *
You suddenly lose the ability to move!
The starcursed mass touches you but does no damage.
The purple draconian breathes dispelling energy at you.
The bolt of dispelling energy hits you!!
Your magical effects are unravelling.
* * * LOW HITPOINT WARNING * * *
The wraith hits you but does no damage.
The starcursed mass touches you but does no damage.
A cacophony of accursed wailing tears at your sanity!
You die...

.#.....#... ....
.......... ....
.......... .....
......... ......
#.....#...
..........##X.....#
. .......##WX....##
. .......†@XXX.....
........XXdX......
................ .
................ .
. ................
. .................
. . .
......##......##.
.. ....... #......#
# ..
....#.........#


You could see 8 starcursed masses, a purple draconian (catching breath) and a
wraith.

Vanquished Creatures
  A tentacled monstrosity (Abyss:3)
  Jorgrun (Elf:1)
  Mlioglotl (Swamp:4)
  An Ice Fiend (IceCv)
  A deep elf master archer (Elf:3)
  2 deep elf blademasters
  A tentacled starspawn (Abyss:3)
  Frances (Swamp:2)
  Agnes (Elf:2)
  A tengu reaver (D:12)
  An azure jelly (Swamp:4)
  4 fenstrider witches
  6 deep elf sorcerers (Elf:3)
  Louise (Elf:2)
  A deep elf elementalist (Elf:3)
  6 deep elf demonologists
  5 dire elephants (Lair:5)
  A bunyip (Swamp:2)
  4 eleionomae
  2 deep elf annihilators
  A spark wasp (Swamp:3)
  Snorg (Lair:5)
  A minotaur (Gauntlet)
  Josephine (D:15)
  An ettin (Orc:1)
  A deep elf death mage (Elf:3)
  A yaktaur captain (D:12)
  A fire dragon (D:15)
  A deep elf high priest (Elf:3)
  A shambling mangrove (Swamp:2)
  4 vault guards (D:13)
  3 ice dragons
  A catoblepas (Lair:5)
  13 hydras
  8 boulder beetles
  7 alligators
  4 centaur warriors
  Erica (D:8)
  The ghost of Keluf the Fighter, a journeyman GrFi of the Shining One (D:15)
  4 two-headed ogres
  A death scarab (Gauntlet)
  4 hell hogs (Abyss:3)
  2 tengu warriors (D:13)
  5 death yaks (Lair:5)
  27 dancing weapons
  An orc high priest (Orc:2)
  16 deep elf knights
  A wretched star (Abyss:3)
  Nergalle (Lair:2)
  A fire crab (Gauntlet)
  Amaemon (Lair:2)
  2 goliath frogs
  2 spectral death yaks
  A spectral anaconda (Lair:5)
  4 bog bodies
  6 swamp dragons
  A spriggan simulacrum (IceCv)
  5 spriggan druids
  3 obsidian statues
  5 deep elf archers
  An orange crystal statue (Elf:1)
  3 orc knights
  Pikel (D:4)
  27 deep elf pyromancers
  4 wizards
  16 ugly things
  A wolf spider (shapeshifter) (D:13)
  4 necromancers (Lair:5)
  5 orc sorcerers
  20 deep elf zephyrmancers
  7 cyclopes
  4 will-o-the-wisps
  2 ice statues (D:14)
  15 elephants
  2 manticores (D:13)
  A dire elephant zombie (Lair:5)
  16 cane toads
  3 black mambas
  A torpor snail (Lair:4)
  An orange demon (Lair:2)
  An unseen horror (D:12)
  A gargoyle (D:13)
  An efreet (D:15)
  4 rime drakes
  3 kobold demonologists
  8 freezing wraiths
  4 yaktaurs (D:15)
  Psyche (D:8)
  An ice devil (IceCv)
  13 komodo dragons
  2 golden dragon simulacra (IceCv)
  13 trolls
  A polar bear (shapeshifter) (D:14)
  2 polar bears (D:10)
  2 tengu conjurers (D:13)
  A troll (shapeshifter) (Elf:1)
  22 blink frogs
  7 tyrant leeches
  A wind drake (shapeshifter) (Elf:2)
  8 hornets
  A spectral elephant (Lair:5)
  5 dream sheep (Lair:5)
  A raiju (shapeshifter) (D:13)
  A large abomination (Abyss:3)
  9 spriggans
  6 wraiths
  2 shadows (D:12)
  14 slime creatures
  A vampire (D:12)
  7 water elementals
  5 wyverns
  6 air elementals
  3 basilisks
  A ynoxinul (Abyss:2)
  3 culicivoras (Lair:2)
  4 fire bats (Gauntlet)
  4 fire elementals
  A neqoxec (Gauntlet)
  A wyvern (shapeshifter) (D:15)
  A steam dragon (D:9)
  41 yaks
  27 vampire mosquitoes
  3 chaos spawn (Gauntlet)
  Grum (D:8)
  A minotaur simulacrum (IceCv)
  2 swamp worm simulacra (Swamp:4)
  3 acid dragons
  A warg (D:9)
  A spectral cane toad (Lair:5)
  8 water moccasins
  11 swamp worms
  20 hydra simulacra
  A small abomination (Abyss:2)
  32 orc warriors
  2 swamp drakes
  3 ice beasts
  3 black bears
  A sky beast (D:8)
  6 ettin simulacra (IceCv)
  A centaur (D:7)
  6 ogres
  19 wolves
  4 elephant skeletons (Lair:5)
  3 lemures (D:4)
  A phantom (D:4)
  15 bullfrogs
  2 gnoll sergeants
  2 scorpions
  2 kobold brigands (D:10)
  3 necrophages
  8 earth elementals
  A cane toad simulacrum (Lair:5)
  A hornet simulacrum (D:15)
  3 wights (D:9)
  15 killer bees
  3 elephant simulacra (Lair:5)
  6 electric eels
  A crimson imp (D:11)
  7 jellies
  A starcursed mass (Abyss:3)
  A gnoll bouda (D:7)
  31 orc priests
  3 hounds
  Jessica (D:2)
  Ijyb (D:4)
  3 iguanas
  44 orc wizards
  4 hell rats (Lair:2)
  8 mummies (Ossuary)
  Robin (D:3)
  18 gnolls
  5 adders
  A shadow imp (D:6)
  4 white imps
  An ufetubus (D:3)
  6 swamp drake simulacra (Swamp:4)
  A worm (D:2)
  2 dart slugs (D:1)
  105 orcs
  7 ball pythons
  5 bats
  6 endoplasms
  4 giant cockroaches
  A gnoll zombie (Ossuary)
  10 hobgoblins
  10 jackals
  3 quokkas
  3 frilled lizards
  13 goblins
  3 hobgoblin zombies (Ossuary)
  18 kobolds
  A kobold zombie (Ossuary)
  3 orc zombies (Ossuary)
  6 rats
1097 creatures vanquished.

Vanquished Creatures (collateral kills)
  A spriggan (Swamp:1)
  A hornet (Swamp:1)
2 creatures vanquished.

Vanquished Creatures (others)
  A death yak (Lair:5)
  A wizard (D:12)
  A deep elf zephyrmancer (Elf:3)
  A deep elf pyromancer (Elf:2)
  A bloated husk (Swamp:1)
  2 tyrant leeches (Swamp:1)
  A swamp worm (Swamp:4)
  An orc (Orc:2)
  20 foxfires
  35 fungi
  38 plants
  5 starspawn tentacles
  30 withered plants (Lair:5)
137 creatures vanquished.

Grand Total: 1236 creatures vanquished

Notes
Turn   | Place    | Note
-------+----------+-------------------------------------------
     0 | D:1      | Pooter the Minotaur Berserker began the quest for the Orb.
     0 | D:1      | Reached XP level 1. HP: 19/19 MP: 0/0
    36 | D:1      | Reached XP level 2. HP: 16/27 MP: 1/1
   827 | D:1      | Reached XP level 3. HP: 32/33 MP: 2/2
  1244 | D:2      | Reached skill level 5 in Axes
  1307 | D:2      | Reached XP level 4. HP: 41/41 MP: 3/3
  1613 | D:2      | Noticed Jessica
  1622 | D:2      | Killed Jessica
  2039 | D:3      | Reached skill level 1 in Maces & Flails
  2039 | D:3      | Reached XP level 5. HP: 45/47 MP: 4/4
  2043 | D:3      | Reached ** piety under Trog
  2045 | D:3      | Reached skill level 5 in Fighting
  2348 | D:3      | Noticed Robin
  2354 | D:3      | Killed Robin
  2417 | D:3      | Found a glowing golden altar of the Shining One.
  2421 | D:3      | You fall into a shaft and drop 1 floor!
  2434 | D:4      | Noticed Ijyb
  2442 | D:4      | Killed Ijyb
  2535 | D:4      | Noticed a lemure
  2535 | D:4      | Noticed a lemure
  2539 | D:4      | Noticed a lemure
  2541 | D:4      | Noticed Pikel
  2546 | D:4      | Killed a lemure
  2547 | D:4      | Killed a lemure
  2550 | D:4      | Killed a lemure
  2575 | D:4      | Noticed a lemure
  2578 | D:4      | Killed Pikel
  2579 | D:4      | Reached XP level 6. HP: 49/58 MP: 5/5
  2579 | D:4      | Reached XP level 7. HP: 54/64 MP: 6/6
  3315 | D:4      | Found a staircase to the Ecumenical Temple.
  3336 | D:4      | Identified the +3 ring mail of the Farmer {Harm Rampage
                  | Regen+}
  3494 | D:4      | Found Jis Utik's Antique Armour Shoppe.
  3611 | D:4      | Reached *** piety under Trog
  3699 | D:5      | Entered Level 5 of the Dungeon
  3792 | D:5      | Reached XP level 8. HP: 73/73 MP: 7/7
  4390 | D:6      | Noticed Sigmund
  4391 | D:6      | Sigmund changed into Sigmund the jelly
  4391 | D:6      | Noticed Sigmund
  4392 | D:6      | Killed Sigmund the jelly
  4403 | D:6      | Found a stormy altar of Qazlal.
  4544 | D:6      | Reached skill level 10 in Maces & Flails
  4888 | D:6      | Reached XP level 9. HP: 82/82 MP: 8/8
  4929 | D:6      | Found a shimmering altar of Xom.
  4939 | D:6      | Found a hide-covered altar of Uskayaw.
  5087 | D:7      | Reached skill level 1 in Ranged Weapons
  5273 | D:7      | Reached **** piety under Trog
  5343 | D:7      | Found a sand-covered staircase.
  5348 | Ossuary  | Entered an ossuary
  5872 | D:7      | Found a bloodstained altar of Trog.
  6172 | D:8      | Noticed Grum
  6174 | D:8      | Killed Grum
  6215 | D:8      | Reached skill level 5 in Ranged Weapons
  6314 | D:8      | Noticed Psyche
  6325 | D:8      | Killed Psyche
  6326 | D:8      | Reached XP level 10. HP: 93/93 MP: 9/9
  6375 | D:8      | Found a flagged portal.
  6387 | D:8      | Noticed Erica
  6391 | D:8      | Reached skill level 10 in Fighting
  6397 | D:8      | Killed Erica
  6403 | Bailey   | Entered a bailey
  6564 | Bailey   | Noticed an orc knight
  6582 | Bailey   | Killed an orc knight
  6644 | Bailey   | Noticed an orc knight
  6653 | Bailey   | Killed an orc knight
  6992 | D:8      | Noticed a two-headed ogre
  6995 | D:8      | Killed a two-headed ogre
  7109 | D:9      | Found an ancient bone altar of Kikubaaqudgha.
  7888 | D:9      | Found a staircase to the Orcish Mines.
  7909 | D:9      | Found Semmupeb's Book Shoppe.
  8017 | D:9      | Reached XP level 11. HP: 102/102 MP: 10/10
  8026 | D:9      | Reached skill level 3 in Armour
  8225 | D:9      | Reached skill level 1 in Throwing
  8275 | D:9      | Reached skill level 1 in Evocations
  8415 | D:9      | Found a glowing silver altar of Zin.
  8460 | Orc:1    | Entered Level 1 of the Orcish Mines
  8475 | D:9      | Reached skill level 4 in Armour
  8677 | Orc:2    | Entered Level 2 of the Orcish Mines
  8768 | Orc:2    | Noticed an orc sorcerer
  8780 | Orc:2    | Noticed a sixfirhy
  8782 | Orc:2    | Noticed a sun demon
  8827 | Orc:2    | Killed an orc sorcerer
  8839 | Orc:2    | Reached skill level 5 in Armour
  9011 | Orc:2    | Noticed an orc high priest
  9026 | Orc:2    | Killed an orc high priest
  9031 | Orc:2    | Reached ***** piety under Trog
  9139 | Orc:2    | Noticed an orc sorcerer
  9145 | Orc:2    | Killed an orc sorcerer
  9192 | Orc:2    | Noticed an orc sorcerer
  9194 | Orc:2    | Killed an orc sorcerer
  9195 | Orc:2    | Reached skill level 6 in Armour
  9365 | Orc:2    | Noticed an orc sorcerer
  9365 | Orc:2    | Paralysed by an orc sorcerer for 3 turns
  9433 | Orc:1    | Killed an orc sorcerer
  9503 | Orc:2    | Reached skill level 10 in Ranged Weapons
  9607 | Orc:2    | Found Wyptelol's Antique Armour Emporium.
  9607 | Orc:2    | Found Zeokluci's General Store.
  9608 | Orc:2    | Found Atwemim's Distillery.
  9612 | Orc:2    | Found Yrghyedea's Distillery.
  9615 | Orc:2    | Bought a pair of runed gloves for 210 gold pieces
  9617 | Orc:2    | Bought a potion of curing for 36 gold pieces
  9617 | Orc:2    | Bought 2 potions of lignification for 72 gold pieces
  9617 | Orc:2    | Bought a potion of curing for 36 gold pieces
  9617 | Orc:2    | Bought a potion of heal wounds for 60 gold pieces
  9617 | Orc:2    | Bought a potion of invisibility for 96 gold pieces
  9617 | Orc:2    | Bought 2 potions of attraction for 72 gold pieces
  9618 | Orc:2    | Bought a potion of haste for 150 gold pieces
  9618 | Orc:2    | Bought a potion of flight for 45 gold pieces
  9618 | Orc:2    | Bought a potion of heal wounds for 75 gold pieces
  9618 | Orc:2    | Bought a potion of curing for 45 gold pieces
  9619 | Orc:2    | Bought a scroll of identify for 22 gold pieces
  9619 | Orc:2    | Bought a scroll of teleportation for 33 gold pieces
  9619 | Orc:2    | Bought a scroll of enchant weapon for 82 gold pieces
  9963 | Orc:1    | Noticed an ettin
 10024 | Orc:1    | Killed an ettin
 10025 | Orc:1    | Reached skill level 7 in Armour
 10186 | Orc:1    | Identified a scroll of acquirement
 10186 | Orc:1    | Acquired the +13 crystal plate armour of Qeor {Rampage
                  | Will- Str-2 SInv}
 10387 | Orc:2    | Found a staircase to the Elven Halls.
 10486 | Orc:2    | Reached XP level 12. HP: 110/112 MP: 11/11
 10495 | Orc:2    | Noticed a two-headed ogre
 10504 | Orc:2    | Killed a two-headed ogre
 10913 | D:10     | Entered Level 10 of the Dungeon
 11131 | D:10     | Found a broken altar of Ashenzari.
 11687 | D:10     | Reached skill level 8 in Armour
 11855 | D:11     | Found a staircase to the Lair.
 12339 | D:11     | Reached skill level 9 in Armour
 12602 | Lair:1   | Entered Level 1 of the Lair of Beasts
 12774 | Lair:1   | Reached skill level 5 in Throwing
 13815 | Lair:1   | Reached XP level 13. HP: 110/119 MP: 5/12
 13926 | Lair:2   | Found a staircase to the Swamp.
 13937 | Lair:2   | Noticed Amaemon
 13944 | Lair:2   | Reached skill level 10 in Armour
 14019 | Lair:2   | Killed Amaemon
 14020 | Lair:2   | Reached skill level 5 in Evocations
 14234 | Lair:2   | Noticed Nergalle
 14243 | Lair:2   | Killed Nergalle
 14475 | Lair:2   | Found a hole to the Spider Nest.
 15438 | Lair:3   | Reached skill level 11 in Armour
 17507 | Lair:4   | Found a staircase to the Slime Pits.
 17508 | Lair:4   | Found a viscous altar of Jiyva.
 18021 | Lair:5   | Entered Level 5 of the Lair of Beasts
 18066 | Lair:5   | Identified the +10 great sword "Senalu" {flame, Will+
                  | rCorr} (Trog gifted it to you on level 5 of the Lair of
                  | Beasts)
 18066 | Lair:5   | Received a gift from Trog
 18398 | Lair:5   | Reached skill level 12 in Armour
 18658 | Lair:5   | Reached XP level 14. HP: 130/130 MP: 13/13
 19065 | Lair:5   | Noticed Snorg
 19080 | Lair:5   | Killed Snorg
 20016 | Lair:5   | Reached skill level 13 in Armour
 21871 | D:12     | Noticed a tengu reaver
 21887 | D:12     | Killed a tengu reaver
 22134 | D:12     | Reached XP level 15. HP: 139/139 MP: 14/14
 22137 | D:12     | Reached skill level 14 in Armour
 22169 | D:12     | Reached skill level 15 in Ranged Weapons
 22217 | D:12     | Received a gift from Trog
 22618 | D:12     | Identified the +8 quarterstaff of the Fool {speed, Dex+3}
 22734 | D:12     | Identified the +1 chain mail of Nomeaba {rF+ rN+ Will-
                  | Regen+}
 23261 | D:13     | Reached skill level 1 in Stealth
 23385 | D:13     | Found a gate to the Vaults.
 24130 | Abyss:2  | Found a corrupted altar of Lugonu.
 24130 | Abyss:2  | Cast into level 2 of the Abyss (a wizard)
 24186 | D:14     | Escaped the Abyss
 24217 | D:14     | Found a frozen archway.
 24340 | IceCv    | Entered an ice cave
 24363 | IceCv    | Reached skill level 15 in Fighting
 25217 | IceCv    | Noticed an Ice Fiend
 25223 | IceCv    | HP: 1/211 [Ice Fiend (27)]
 25224 | IceCv    | Killed an Ice Fiend
 25540 | IceCv    | Identified the ring of Uphiud {Ice rPois Int-2 Dex+2}
 25544 | IceCv    | Identified the +11 ice dragon scales of Dramatic Exits {rF-
                  | rC++ rN+ Regen+ Stlth-}
 25760 | D:14     | Reached skill level 15 in Armour
 26043 | D:14     | Identified the +2 leather armour of Syndicalism {Fly Will+
                  | Regen+ Str+4}
 26124 | D:15     | Entered Level 15 of the Dungeon
 26223 | D:15     | Found a runed translucent door.
 26228 | D:15     | Found a gate leading to a gauntlet.
 26306 | Gauntlet | Entered a Gauntlet
 26306 | Gauntlet | Found a large runed translucent door.
 26306 | Gauntlet | Found a large runed translucent door.
 26306 | Gauntlet | Found a large runed translucent door.
 26306 | Gauntlet | Found a large runed translucent door.
 26306 | Gauntlet | Found a runed translucent door.
 26306 | Gauntlet | Found a large runed translucent door.
 26306 | Gauntlet | Found a large runed translucent door.
 26306 | Gauntlet | Found a transporter.
 26306 | Gauntlet | Found a transporter.
 26306 | Gauntlet | Found a large runed translucent door.
 26306 | Gauntlet | Found a large runed translucent door.
 26306 | Gauntlet | Found a runed translucent gate.
 26306 | Gauntlet | Found a runed translucent gate.
 26306 | Gauntlet | Found a transporter.
 26306 | Gauntlet | Found a transporter.
 26316 | Gauntlet | Found a transporter.
 26365 | Gauntlet | Found a transporter.
 26376 | Gauntlet | Found a transporter.
 26404 | Gauntlet | Found a transporter.
 26404 | Gauntlet | Gained mutation: You are clumsy. (Dex -2) [a neqoxec]
 26413 | Gauntlet | Received a gift from Trog
 26428 | Gauntlet | Found a transporter.
 26429 | Gauntlet | Found a transporter.
 26439 | Gauntlet | Reached XP level 16. HP: 149/149 MP: 15/15
 26550 | Gauntlet | Identified the +2 pair of gloves of the Blizzard {rPois rC+
                  | MP-9 Int+2}
 26579 | D:15     | Noticed Keluf's ghost (journeyman GrFi)
 26599 | D:15     | Killed Keluf's ghost
 26677 | D:15     | Noticed Nessos
 26678 | D:15     | Nessos changed into Nessos the rime drake
 26678 | D:15     | Noticed Nessos
 26683 | D:15     | Killed Nessos the rime drake
 26758 | D:15     | Identified the +0 ring mail of Hepliaklqana's Fury {Will-
                  | Dex+6}
 27103 | D:15     | Noticed Josephine
 27109 | D:15     | Killed Josephine
 27113 | D:15     | Reached skill level 15 in Maces & Flails
 27307 | D:15     | Reached skill level 5 in Dodging
 27528 | D:15     | Found a staircase to the Depths.
 27966 | Elf:1    | Entered Level 1 of the Elven Halls
 27988 | Elf:1    | Paralysed by an air elemental for 1 turns
 27988 | Elf:1    | Noticed Jorgrun
 27993 | Orc:2    | Paralysed by an air elemental for 1 turns
 28217 | Elf:1    | Killed Jorgrun
 28850 | Elf:1    | Found a radiant altar of Vehumet.
 28886 | Elf:1    | Paralysed by an air elemental for 1 turns
 29379 | Elf:1    | Identified the +3 leather armour "Atwuxeb" {*Slow rN++}
 29829 | Elf:1    | Reached skill level 16 in Armour
 30001 | Elf:2    | Found a runed translucent gate.
 30003 | Elf:2    | Found a runed translucent gate.
 30003 | Elf:2    | Found a runed translucent gate.
 30025 | Elf:2    | Noticed a deep elf blademaster
 30038 | Elf:2    | Killed a deep elf blademaster
 30155 | Elf:2    | Noticed Louise
 30175 | Elf:2    | Killed Louise
 30198 | Elf:2    | Lost mutation: You are clumsy. (Dex -2) [potion of
                  | mutation]
 30198 | Elf:2    | Gained mutation: You are somewhat resistant to further
                  | mutation. [potion of mutation]
 30217 | Elf:2    | Found a radiant altar of Vehumet.
 30259 | Elf:2    | Reached skill level 17 in Armour
 30259 | Elf:2    | Reached XP level 17. HP: 158/158 MP: 7/16
 30260 | Elf:2    | Reached skill level 5 in Stealth
 30260 | Elf:2    | Reached XP level 18. HP: 166/166 MP: 8/17
 30285 | Elf:2    | Noticed Agnes
 30294 | Elf:2    | Killed Agnes
 30295 | Elf:2    | Reached XP level 19. HP: 122/172 MP: 9/18
 31607 | Elf:3    | Entered Level 3 of the Elven Halls
 31663 | Elf:3    | Paralysed by an air elemental for 1 turns
 31668 | Elf:3    | Paralysed by an air elemental for 1 turns
 31753 | Elf:3    | Upgraded the game from 0.30-a0-728-gc68057be0a to
                  | 0.30-a0-737-gf23d94013f
 31913 | Elf:3    | Reached skill level 18 in Armour
 32948 | Swamp:1  | Entered Level 1 of the Swamp
 34284 | Swamp:2  | Identified the +8 trident of Dekaophi {freeze, rPois}
 36532 | Swamp:2  | Noticed Frances
 36540 | Swamp:2  | Killed Frances
 36697 | Swamp:2  | Paralysed by a fenstrider witch for 2 turns
 36787 | Swamp:2  | Identified the +5 scale mail of the Ladybird {rN+}
 36949 | Swamp:3  | Reached skill level 10 in Evocations
 38000 | Swamp:2  | Reached skill level 19 in Armour
 38060 | Swamp:3  | Paralysed by a fenstrider witch for 2 turns
 38627 | Swamp:4  | Entered Level 4 of the Swamp
 38824 | Swamp:4  | Noticed Mlioglotl
 38839 | Swamp:4  | Killed Mlioglotl
 38885 | Swamp:4  | Lost mutation: You are somewhat resistant to further
                  | mutation. [potion of mutation]
 38885 | Swamp:4  | Gained mutation: You occasionally lose the ability to drink
                  | potions when taking damage. [potion of mutation]
 38885 | Swamp:4  | Gained mutation: Your muscles are strong. (Str +4, Int/Dex
                  | -1) [potion of mutation]
 38885 | Swamp:4  | Gained mutation: You expend magic power (3 MP) to
                  | strengthen your wands. [potion of mutation]
 38886 | Swamp:4  | Lost mutation: You occasionally lose the ability to drink
                  | potions when taking damage. [potion of mutation]
 38886 | Swamp:4  | Lost mutation: Your muscles are strong. (Str +4, Int/Dex
                  | -1) [potion of mutation]
 38886 | Swamp:4  | Gained mutation: You have large cloven feet. [potion of
                  | mutation]
 38886 | Swamp:4  | Gained mutation: You possess an exceptional clarity of
                  | mind. [potion of mutation]
 38887 | Swamp:4  | Lost mutation: You possess an exceptional clarity of mind.
                  | [potion of mutation]
 38887 | Swamp:4  | Lost mutation: You expend magic power (3 MP) to strengthen
                  | your wands. [potion of mutation]
 38887 | Swamp:4  | Lost mutation: You have large cloven feet. [potion of
                  | mutation]
 38887 | Swamp:4  | Gained mutation: Your mind is acute. (Int +4, Str/Dex -1)
                  | [potion of mutation]
 38887 | Swamp:4  | Gained mutation: You possess an exceptional clarity of
                  | mind. [potion of mutation]
 43766 | Swamp:4  | Got a decaying rune of Zot
 44289 | Elf:3    | Identified the +3 halberd of Weasumao {flame, rCorr}
 44289 | Elf:3    | Identified the +1 robe of Omnes {rF++}
 44927 | Elf:3    | Reached XP level 20. HP: 184/184 MP: 10/19
 45808 | Elf:3    | Paralysed by an air elemental for 1 turns
 46988 | Elf:3    | Identified the ring "Werhanoq" {Dex+6 SInv}
 48090 | Abyss:2  | Cast into level 2 of the Abyss (a deep elf demonologist)
 48147 | Abyss:3  | Found a corrupted altar of Lugonu.
 48221 | Abyss:3  | Paralysed by accursed screaming for 2 turns
 48222 | Abyss:3  | HP: 9/276 [purple draconian/bolt of dispelling energy (20)]
 48222 | Abyss:3  | Killed from afar by a starcursed mass

Illustrated notes

Levels and vault maps discovered:
D:1:      elethiomel_arrival_quiet, layout_loops_cross,
          ebering_dispersal_statue_hall, serial_park_tiny_2, minmay_pentomino_t2
D:2:      layout_loops_corners, uniq_jessica
D:3:      layout_basic, mainiacjoe_overflow_paths, st_stairs_10, uniq_robin
D:4:      layout_rooms, minmay_temple_entry_statues_pillars, serial_shops,
          nicolae_shop_crystal, chequers_serial_rivers_small_3, hex_medium,
          uniq_ijyb, uniq_pikel
D:5:      layout_basic
D:6:      layout_rooms, grunt_qazlal_sundering, amethyst_overflow_temple_binary,
          uniq_sigmund
D:7:      layout_cave_pools, trog_book, nicolae_ossuary_entry_false_entrances
D:8:      layout_basic, enter_bailey_5, hangedman_abyss_or_decor_stabs,
          chequers_serial_rivers_marsh, uniq_psyche, uniq_erica, uniq_grum
D:9:      layout_rooms, nicolae_kikubaaqudgha_miasma_corner, kennysheep_mini,
          david_orc_3, serial_shops, shop, hangedman_corner_corridor
D:10:     layout_long_grid, mainiacjoe_overflow_surrounded_room,
          kennysheep_flooded_box
D:11:     layout_gridville, hellmonk_lair_entry_icy, lightli_wizard_tower
D:12:     nicolae_hexawheel, layout_basic, serial_curves, eino_curves_03,
          eino_curves_03, eino_curves_01, eino_curves_01,
          bh_hangedman_babel_library
D:13:     layout_irregular_city, lightli_vaults_fourway_checkpoint
D:14:     layout_big_octagon, portal_ice_cave_entry_ice_statue_two,
          nicolae_concentric_dashed_squares_mild
D:15:     grunt_enter_depths_hoard, layout_irregular_city, minmay_misc_feat_x,
          gauntlet_entry_generic, ebering_ghost_reflecting_pool, nrook_uturn,
          st_stairs_12, uniq_josephine, uniq_nessos
Lair:1:   layout_regular_city, st_stairs_7, grunt_megastairs_2,
          serial_bayou_shore_b
Lair:2:   layout_regular_city, minmay_swamp_entry_eels,
          hellmonk_spider_entry_life_and_decay, beast_lair_carwin_7,
          uniq_amaemon, uniq_nergalle
Lair:3:   layout_regular_city
Lair:4:   layout_regular_city, slime_entry_1
Lair:5:   due_jungle_book, layout_cave_pods, serial_bayou_shore_a, uniq_snorg
Swamp:1:  layout_falls_marsh, nicolae_swamp_little_tower, st_swamp_ruins_3
Swamp:2:  layout_basic_swamp, evilmike_swamp_ruin_house_2, uniq_frances
Swamp:3:  layout_basic_swamp, hangedman_swamp_pad, nicolae_swamp_catching_bugs
Swamp:4:  swamp_icy, layout_basic_swamp, nicolae_swamp_small_spring,
          uniq_mlioglotl
Orc:1:    layout_caves, serial_shops
Orc:2:    st_orc_mages, layout_diamond_mine, minmay_orc_temple_b
Elf:1:    eino_elf_arrival_altar, layout_geoelf_grid, evilmike_minifort,
          minivault_16, minmay_elf_annihilation, uniq_jorgrun
Elf:2:    nicolae_elf_blades_crystal_corner, layout_loops_corners, basic_altar,
          uniq_agnes, uniq_louise
Elf:3:    grunt_elf_hall_asides, layout_geoelf_octagon,
          nicolae_elf_variegated_diamond
Abyss:3:  base: D:15, hangedman_abyss_overflow_altar, evilmike_abyss_exit_7,
          minivault_5, spicy_abyss_helpful_harpoons

Skill      XL: |  1  2  3  4  5  6  7  8  9 10 11 12 13 14 15 16 17 18 19 |
---------------+----------------------------------------------------------+-----
Axes           | 4 5 |  5.9
Fighting       | 4 6 7 8 9 11 12 13 14 15 17 | 17.2
Maces & Flails | 1 6 7 10 12 13 14 16 | 16.1
Ranged Weapons | 5 8 10 11 13 14 15 16 | 16.8
Armour         | 7 9 12 13 15 17 19 | 19.9
Throwing       | 3 5 6 8 |  8.3
Evocations     | 3 4 6 7 8 9 10 | 10.6
Stealth        | 3 4 5 7 |  7.6
Dodging        | 4 6 7 9 |  9.5

Action                     |  1- 3 |  4- 6 |  7- 9 | 10-12 | 13-15 | 16-18 | 19-21 || total
---------------------------+-------+-------+-------+-------+-------+-------+-------++-------
  Melee: Hand axe          |    47 |    21 |       |       |       |       |       ||    68
         Headbutt          |     2 |    11 |    22 |    67 |   182 |    42 |    64 ||   390
         Flail             |       |    49 |   192 |   406 |   448 |       |       ||  1095
         Punch             |       |       |     1 |     4 |     9 |       |     7 ||    21
         Eveningstar       |       |       |       |       |   190 |   206 |   312 ||   708
   Fire: Sling             |       |       |    10 |       |       |       |       ||    10
         Shortbow          |       |       |    24 |    86 |       |       |       ||   110
         Arbalest          |       |       |       |   144 |   353 |   102 |   412 ||  1011
  Throw: Dart              |     4 |     4 |     2 |       |       |       |       ||    10
         Boomerang         |       |     4 |     9 |       |     3 |     7 |     5 ||    28
 Invoke: Berserk           |     2 |     2 |     3 |    11 |     6 |     5 |     9 ||    38
         Trog's Hand       |       |     2 |     9 |    30 |    30 |    13 |    22 ||   106
  Evoke: Wand              |       |       |     1 |    16 |    10 |     5 |    16 ||    48
         Condenser vane    |       |       |       |       |     1 |     2 |     2 ||     5
    Use: Scroll            |     2 |     1 |     7 |    20 |    11 |     4 |     8 ||    53
         Potion            |       |       |       |     2 |     7 |    16 |     8 ||    33
   Stab: Invisible         |     1 |       |       |     2 |       |     5 |       ||     8
 Armour: Animal skin       |    12 |     5 |       |       |       |       |       ||    17
         Ring mail         |       |    19 |   133 |    34 |       |       |       ||   186
         Crystal plate arm |       |       |       |   578 |   720 |   209 |   606 ||  2113
  Dodge: Dodged            |    30 |    42 |   166 |   240 |   450 |   133 |   357 ||  1418
  Block: Other             |       |       |       |       |    71 |    59 |    26 ||   156
         Reflection        |       |       |       |       |     4 |    10 |     2 ||    16

Table legend: (Time is in decaauts)
 A = Elapsed time spent in this place.
 B = Non-inter-level travel time spent in this place.
 C = Inter-level travel time spent in this place.
 D = Time resting spent in this place.
 E = Time spent auto-exploring this place.
 F = Levels seen in this place.
 G = Mean time per level.
                   A        B        C        D        E       F      G
               +--------+--------+--------+--------+--------+-----+--------+
         Total |  49680 |  47901 |   1779 |  21925 |  16788 |  36 | 1380.0 |
       Dungeon |  15499 |  14700 |    799 |   2808 |   8792 |  15 | 1033.3 |
          Lair |   8540 |   8234 |    306 |   2868 |   3872 |   5 | 1708.0 |
         Swamp |  11316 |  11191 |    125 |   8261 |   1853 |   4 | 2829.0 |
  Orcish Mines |   2852 |   2586 |    266 |   1036 |    845 |   2 | 1426.0 |
   Elven Halls |   8855 |   8573 |    282 |   5446 |   1234 |   3 | 2951.7 |
         Abyss |    187 |    187 |      0 |      9 |     43 |   3 |   62.3 |
       Ossuary |    455 |    455 |      0 |    252 |     84 |   1 |  455.0 |
        Bailey |    357 |    357 |      0 |    112 |      0 |   1 |  357.0 |
      Ice Cave |   1326 |   1326 |      0 |    993 |     63 |   1 | 1326.0 |
      Gauntlet |    290 |    290 |      0 |    137 |      0 |   1 |  290.0 |
               +--------+--------+--------+--------+--------+-----+--------+

Top non-repeatable levels by time:
 Swamp:4: 5341 daAuts
   Elf:3: 5069 daAuts
 Swamp:2: 2983 daAuts
  Lair:5: 2715 daAuts
  Lair:4: 2448 daAuts
   Orc:2: 2339 daAuts
    D:12: 2067 daAuts
   Elf:1: 1956 daAuts
   Elf:2: 1829 daAuts
     D:9: 1626 daAuts
 Swamp:3: 1570 daAuts
    D:15: 1423 daAuts
 Swamp:1: 1421 daAuts
  Lair:1: 1351 daAuts
   IceCv: 1326 daAuts
